AoeStats
← ThunderboltX

Arabia

510194212Analyzed
1v1 RM · 2d ago on Sep 29, 2026· 23m 56s· 2 players
Game mode
Random Map
Map size
Tiny (2 player)
Population
200
Speed
Normal
Resources
Standard
Victory
Conquest
Starting age
Dark Age
Ending age
Imperial Age
RankedLock teamsTeams togetherTeam positionsShared explorationLock speedFull tech treeHidden civsTurbo modeCheats
Victory
Defeat
🇳🇴 Mongols · Norway
2944
+1
🇧🇬 Vikings · Bulgaria
2386
-1
ThunderboltX
7:29 Loom
10:33 Feudal Age
12:12 Double-Bit Axe
15:08 Fletching
21:57 Castle Age
20:09 Horse Collar
21:01 Padded Archer Armor
22:37 Bodkin Arrow
22:06 Crossbowman
22:59 Bow Saw
TAG_MbL_
7:57 Feudal Age
7:42 Loom
8:37 Double-Bit Axe
14:16 Fletching
17:59 Horse Collar
21:23 Castle Age
19:47 Padded Archer Armor
19:39 Gold Mining
22:09 Bloodlines
21:59 Bodkin Arrow
23:02 Leather Archer Armor
Connection lost

Rejoining the realm…

Still unreachable

The connection could not be restored.

Session expired

The server has moved on; the page needs a fresh start.